 Dungeon Crawl Stone Soup version 0.22-a0-480-g991dd4b (webtiles) character file.

213047 Gorice the Severer (level 18, -4/147 HPs)
             Began as a Demonspawn Wanderer on June 12, 2018.
             Was an Initiate of Gozag.
             Killed from afar by Ilsuiw (47 damage)
             ... with a shard of ice
             ... on level 4 of the Shoals on June 15, 2018.
             The game lasted 03:32:05 (41732 turns).

Gorice the Severer (Demonspawn Wanderer)           Turns: 41732, Time: 03:32:05

Health: -4/147     AC: 44    Str: 21    XL:     18   Next: 26%
Magic:  0/24       EV:  5    Int: 15    God:    Gozag
Gold:   9807       SH:  0    Dex: 17    Spells: 19/19 levels left

rFire    + . .     SeeInvis +   a - +5 battleaxe (drain)
rCold    . . .     Gourm    .   (shield currently unavailable)
rNeg     . . .     Faith    .   h - +8 orange crystal plate armour {Archmagi, Int+3 Clar}
rPois    .         Spirit   +   u - +1 helmet
rElec    .         Reflect  .   A - +0 cloak (curse)
rCorr    +         Harm     +   g - +2 pair of gloves {Dex+3}
MR       +....     Clarity  +   (boots unavailable)
Stlth    ..........             s - amulet of harm
HPRegen  0.34/turn              q - +5 ring of slaying
MPRegen  0.19/turn              i - ring of see invisible

@: barbed spikes, flying, very slightly contaminated
A: talons 3, yellow scales 3, fire resistance 1, foul stench 1, magic shield,
rot immunity
}: 1/15 runes: serpentine
a: Potion Petition, Call Merchant, Bribe Branch, Renounce Religion


You were on level 4 of the Shoals.
You worshipped Gozag.
Gozag was greatly pleased with you.
You were not hungry.

You visited 6 branches of the dungeon, and saw 32 of its levels.
You also visited: Labyrinth, Sewer, Ossuary and Bailey.

You collected 13534 gold pieces.
You spent 3610 gold pieces at shops.
You paid 117 gold pieces to Gozag.

Inventory:

Hand Weapons
 a - a +5 battleaxe of draining (weapon)
   (You bought it in a shop on level 12 of the Dungeon)
 b - a +2 battleaxe of flaming
   (You took it off a naga on level 1 of the Snake Pit)
Missiles
 I - 22 javelins (quivered)
 Z - 2 throwing nets
Armour
 g - a +2 pair of gloves of dexterity (worn)
   (You bought it in a shop on level 4 of the Shoals)
 h - the +8 orange crystal plate armour (worn) {Archmagi, Int+3 Clar}
   (You found it in a bailey)

   It affects your intelligence (+3).
   It protects you against confusion.
 u - a +1 helmet (worn)
 A - a cursed +0 cloak (worn)
 Q - the +1 pair of gloves of Intercession {rCorr}
   (You bought it in a shop on level 7 of the Dungeon)

   It protects you from acid and corrosion.
Jewellery
 e - an uncursed ring of positive energy
 i - a ring of see invisible (right hand)
 p - an uncursed ring of poison resistance
 q - a +5 ring of slaying (left hand)
 s - an amulet of harm (around neck)
 C - an uncursed ring of ice
 S - a +4 ring of slaying
Wands
 c - a wand of iceblast (21)
 t - a wand of acid (20)
 x - a wand of paralysis (36)
 y - a wand of clouds (4)
 z - a wand of disintegration (10)
 D - a wand of flame (161)
 K - a wand of enslavement (39)
Scrolls
 d - 4 scrolls of fear {!r}
 m - 19 scrolls of remove curse
 v - 18 scrolls of teleportation {!r}
 L - 11 scrolls of identify
 N - 2 scrolls of fog
 O - a scroll of blinking
 P - 3 scrolls of summoning {!r}
 T - 2 scrolls of magic mapping {!r}
Potions
 j - 10 potions of curing
 k - 5 potions of haste {!q}
 l - 2 potions of cancellation {!q}
 n - 3 potions of berserk rage
 o - 8 potions of agility {!q}
 r - a potion of resistance {!q}
 E - 2 potions of flight
 G - 4 potions of might {!q}
 H - 3 potions of invisibility {!q}
 V - 8 potions of magic {!q}
 Y - 9 potions of heal wounds {!q}
Miscellaneous
 W - a lamp of fire
Comestibles
 f - 33 rations


   Skills:
 + Level 14.4 Fighting
   Level 0.8 Short Blades
 - Level 20.0 Axes
 - Level 8.0 Throwing
 + Level 16.2 Armour
 - Level 1.0 Dodging
 - Level 1.0 Stealth
 - Level 1.0 Spellcasting
   Level 1.0 Conjurations
   Level 2.6 Charms
 - Level 8.0 Evocations


You had 19 spell levels left.
You didn't know any spells.
Your spell library contained the following spells:

 Spells                   Type           Power        Failure   Level  Hunger
 Cause Fear               Hex            #.........   100%        4    #####..
 Apportation              Tloc           #.....       100%        1    ##.....
 Bolt of Magma            Conj/Fire/Erth #.........   100%        5    ######.
 Slow                     Hex            #.......     100%        2    ###....
 Confuse                  Hex            #.......     100%        3    ####...
 Invisibility             Hex            #.......     100%        6    #######
 Throw Frost              Conj/Ice       #.....       100%        2    ###....
 Venom Bolt               Conj/Pois      #.........   100%        5    ######.
 Pain                     Necr           #...         100%        1    ##.....
 Freeze                   Ice            #...         100%        1    ##.....
 Summon Ice Beast         Ice/Summ       #.......     100%        4    #####..
 Ozocubu's Armour         Chrm/Ice       #.......     100%        3    ####...
 Sting                    Conj/Pois      #...         100%        1    ##.....
 Tukima's Dance           Hex            #.......     100%        3    ####...
 Summon Demon             Summ           #.........   100%        5    ######.
 Iron Shot                Conj/Erth      #.........   100%        6    #######
 Swiftness                Chrm/Air       #.......     100%        2    ###....
 Recall                   Summ/Tloc      N/A          100%        3    ####...
 Statue Form              Tmut/Erth      #........    100%        6    #######
 Dragon Form              Tmut           #.........   100%        7    #######
 Throw Icicle             Conj/Ice       #.......     100%        4    #####..
 Shadow Creatures         Summ           N/A          100%        6    #######
 Confusing Touch          Hex            #.....       100%        1    ##.....
 Ensorcelled Hibernation  Hex/Ice        #.....       100%        2    ###....
 Metabolic Englaciation   Hex/Ice        #.........   100%        5    ######.
 Summon Butterflies       Summ           #.......     100%        1    ##.....
 Corona                   Hex            #......      100%        1    ##.....
 Alistair's Intoxication  Tmut/Pois      #.......     100%        5    ######.
 Portal Projectile        Hex/Tloc       #.....       100%        3    ####...
 Petrify                  Tmut/Erth      #.......     100%        4    #####..
 Orb of Destruction       Conj           #.........   100%        7    #######
 Leda's Liquefaction      Hex/Erth       #.........   100%        4    #####..
 Inner Flame              Hex/Fire       #.......     100%        3    ####...
 Aura of Abjuration       Summ           #.........   100%        5    ######.
 Beastly Appendage        Tmut           #.....       100%        1    ##.....
 Iskenderun's Battlesphe  Conj/Chrm      #.......     100%        5    ######.
 Dazzling Spray           Conj/Hex       #.....       100%        3    ####...
 Summon Forest            Summ/Tloc      #.........   100%        5    ######.
 Spellforged Servitor     Conj/Summ      #.........   100%        7    #######
 Summon Mana Viper        Hex/Summ       #.......     100%        5    ######.
 Hydra Form               Tmut           #.........   100%        6    #######
 Irradiate                Conj/Tmut      #.........   100%        5    ######.
 Gell's Gravitas          Tloc           #.........   100%        3    ####...
 Yara's Violent Unravell  Hex/Tmut       #.........   100%        5    ######.
 Lesser Beckoning         Tloc           #.........   100%        3    ####...
 Poisonous Vapours        Pois/Air       #.....       100%        2    ###....


Dungeon Overview and Level Annotations

Branches:
Dungeon (15/15)            Temple (1/1) D:6            Lair (6/6) D:8
 Shoals (4/4) Lair:3        Snake (4/4) Lair:4        Slime (0/5) Lair:5
    Orc (2/2) D:11            Elf (0/3) Orc:2        Vaults (0/5) D:13
 Depths (0/5) D:15

Altars:
Ashenzari
Cheibriados
Dithmenos
Elyvilon
Fedhas
Gozag
Hepliaklqana
Kikubaaqudgha
Makhleb
Nemelex Xobeh
Okawaru
Qazlal
Ru
Sif Muna
Trog
Uskayaw
Vehumet
Wu Jian
Xom
Yredelemnul
Zin
The Shining One
Beogh

Shops:
D:7 :*![?   D:9 *   D:11 %   D:12 (([(   Orc:1 [   Orc:2 (!*[[   Shoals:4 [!
Snake:1 }

Annotations:
D:11 2 runed doors: dragons guarding Shld of Res
Lair:2 vpUX: food with oklobs needs dig, exclusion: 4 oklob plants
Shoals:4 Ilsuiw


Innate Abilities, Weirdness & Mutations

You have claws for feet.
You are completely covered in yellow scales. (AC +4, rCorr)
Your flesh is heat resistant. (rF+)
You may emit foul miasma when damaged in melee.
When hurt, damage is shared between your health and your magic reserves.
You are immune to rotting.


Message History

You are unaffected.
The merfolk hits you but does no damage.
The merfolk javelineer hits you but does no damage.
Ilsuiw casts a spell.
Ilsuiw blinks!
The merfolk impaler hits you but does no damage.
The sea snake barely misses you.
The manticore bites you but does no damage.
The manticore claws you but does no damage. x2
The water elemental hits you.
Damage: 6 (max 27) Unknown command.
Unknown command.
You slice the water elemental!!
You destroy the water elemental!
You slash the sea snake! You hit the manticore but do no damage.
You drain the manticore! You barely miss the merfolk aquamancer.
You gasp with relief as air once again reaches your lungs.
The merfolk aquamancer hits you with a rapier!
* * * LOW HITPOINT WARNING * * *
The merfolk siren chants a haunting song.
You are unaffected.
The merfolk impaler hits you but does no damage.
The merfolk hits you but does no damage.
The merfolk javelineer hits you but does no damage.
The sea snake bites you.
* * * LOW HITPOINT WARNING * * *
You emit a cloud of foul miasma!
The manticore bites you but does no damage.
The manticore claws you but does no damage. x2
Damage: 14 (max 27) Unknown command.
Unknown command.
Unknown command.
Unknown command.
Unknown command.
Unknown command.
Unknown command.
Unknown command.
Unknown command.
Unknown command.
Unknown command.
Blink to where?
Press: ? - help, Dir - move target cursor You are very lightly contaminated with residual magic.
As you read the scroll of blinking, it crumbles to dust.
Ilsuiw casts a spell at you. The shard of ice hits you!
You die...
Your body crumbles into a pile of gold.

≈≈≈≈.............).............
≈≈≈≈................)#.#.......
≈≈≈≈...............(.(∩(........
≈≈≈≈................(#.#........
≈≈≈≈≈..........................##
≈≈≈≈≈..................(........P
≈≈≈≈≈≈..≈≈.....<()()(........P.P
≈≈≈≈≈≈≈≈≈≈≈≈...(.............P#P
≈≈≈≈≈≈≈≈≈≈≈≈..@...........≈≈≈#.
≈≈≈≈≈≈≈≈≈≈≈≈............≈≈≈P≈.
≈≈≈≈P≈≈≈≈≈≈≈...........≈≈≈P≈≈
≈≈≈P≈≈≈≈≈≈≈≈.........≈≈≈≈≈≈≈
≈≈≈P≈≈≈≈≈≈≈≈8.m∩..8≈≈≈≈≈≈##
≈≈PPP≈≈≈≈≈≈≈≈≈≈≈.≈≈≈≈≈≈≈≈≈
PPP≈≈≈≈≈≈≈≈≈≈≈.≈§≈≈≈≈≈≈≈
P≈≈≈≈≈≈≈≈≈≈≈≈≈mS≈≈≈≈≈≈≈≈
≈≈≈≈≈≈≈≈≈≈HE≈§≈≈≈≈($


You could see Ilsuiw (invisible) and a merfolk aquamancer.

Vanquished Creatures
  Rupert (Lair:4)
  Frances (Snake:1)
  8 nagarajas
  Aizul (Snake:4)
  A stone giant (Shoals:4)
  Azrael (D:15)
  A minotaur (Lab)
  A dire elephant (Lair:5)
  The ghost of Eptagon the Basher, a journeyman MiFi of Okawaru (Lair:4)
  Snorg (Lair:6)
  5 merfolk impalers
  An ettin (Orc:2)
  Josephine (Snake:1)
  2 fire dragons (D:15)
  6 hydras
  3 ogre magi
  Harold (D:12)
  2 merfolk aquamancers
  16 naga warriors
  2 catoblepae (Lair:5)
  7 anacondas
  2 centaur warriors
  2 alligator snapping turtles
  5 death yaks (Lair:6)
  19 two-headed ogres
  Urug (D:13)
  8 shock serpents
  15 naga sharpshooters
  3 unseen horrors
  An iron troll (Orc:2)
  A salamander mystic (Snake:4)
  8 sea snakes
  A deep troll (Orc:2)
  5 naga ritualists
  5 orc knights
  2 mana vipers (Snake:3)
  4 deep elf magi
  A necromancer (D:13)
  3 orc sorcerers
  A wolf spider (Lair:6)
  17 harpies
  5 cyclopes
  8 fauns
  17 ugly things
  4 elephants
  11 manticores
  6 salamanders
  37 black mambas
  Maurice (Orc:1)
  6 torpor snails (Lair:2)
  5 water nymphs
  4 gargoyles
  18 naga magi
  3 guardian serpents
  The ghost of gmonis the Basher, a novice MiBe of Trog (D:4)
  21 spiny frogs
  4 komodo dragons
  9 yaktaurs
  5 rime drakes
  A troll (shapeshifter) (D:14)
  A queen bee (Lair:2)
  A minotaur skeleton (Lab)
  A tengu conjurer (D:13)
  15 merfolk
  16 trolls
  4 wind drakes
  2 hornets (Lair:6)
  3 snapping turtles
  4 dream sheep (Lair:3)
  A harpy skeleton (D:15)
  11 slime creatures
  11 hippogriffs
  4 blink frogs
  3 redbacks
  A spriggan (D:7)
  10 water elementals
  6 wraiths
  A vampire (D:13)
  Sigmund (D:2)
  50 yaks
  16 wyverns
  4 fire elementals (D:15)
  A basilisk (shapeshifter) (D:15)
  A basilisk (Lair:4)
  2 steam dragons
  8 hungry ghosts
  8 vampire mosquitoes
  3 wargs
  A naga (shapeshifter) (D:10)
  A soldier ant (D:13)
  37 nagas
  2 acid dragons
  2 hell hounds (D:15)
  14 water moccasins
  7 porcupines
  A hornet zombie (Ossuary)
  5 ice beasts
  27 orc warriors
  4 sky beasts
  2 necrophages
  2 eyes of draining
  31 ogres
  3 phantoms
  6 centaurs
  13 wolves
  13 crocodiles
  2 big kobolds
  An earth elemental (Lab)
  14 bullfrogs
  2 wyvern skeletons
  A water moccasin skeleton (D:6)
  3 scorpions
  51 killer bees
  14 wights
  11 howler monkeys
  6 electric eels
  5 bullfrog zombies
  15 crimson imps
  3 centaur zombies
  12 hounds
  3 centaur skeletons
  2 bullfrog skeletons
  18 orc priests
  5 jellies
  25 orc wizards
  8 worker ants
  2 iguanas
  2 killer bee zombies (Ossuary)
  5 merfolk sirens
  2 merfolk avatars
  4 hound zombies (Ossuary)
  2 hound skeletons
  10 mummies (Ossuary)
  A howler monkey zombie (Ossuary)
  4 worker ant zombies (Ossuary)
  8 gnolls
  A river rat (Lair:2)
  12 adders
  3 howler monkey skeletons
  4 shadow imps
  2 oozes (D:3)
  3 adder zombies
  3 adder skeletons
  A worm (D:3)
  4 dart slugs
  9 leopard geckos
  73 orcs
  5 ball pythons (Sewer)
  5 giant cockroaches
  10 goblins
  6 hobgoblins
  2 jackals (D:11)
  17 kobolds
  5 quokkas
  8 bats
  13 frilled lizards
  2 giant cockroach zombies (Ossuary)
  A jackal zombie (Ossuary)
  A leopard gecko skeleton (D:9)
  A leopard gecko zombie (Ossuary)
  3 quokka zombies
  38 rats
  2 fungi
  5 plants
1173 creatures vanquished.

Vanquished Creatures (collateral kills)
  An orc knight (Bailey)
  An orc (Bailey)
2 creatures vanquished.

Vanquished Creatures (others)
  A vampire mosquito (D:15)
  An orc warrior (Bailey)
  A killer bee (Lair:2)
  A quokka (D:9)
  10 fungi
  43 plants
  10 toadstools (Lair:5)
  6 withered plants
73 creatures vanquished.

Grand Total: 1248 creatures vanquished

Notes
Turn   | Place    | Note
-------+----------+-------------------------------------------
     0 | D:1      | Gorice the Demonspawn Wanderer began the quest for the Orb.
     0 | D:1      | Gorice set off with: a +2 dagger, a potion of berserk rage, a +0 robe, a ration
     0 | D:1      | Reached XP level 1. HP: 15/15 MP: 2/2
   197 | D:1      | Gained mutation: You are partially covered in yellow scales. (AC +2) [demonic ancestry]
   197 | D:1      | Reached XP level 2. HP: 19/22 MP: 3/3
   779 | D:1      | Reached skill level 1 in Axes
   925 | D:2      | Gained mutation: When hurt, damage is shared between your health and your magic reserves. [demonic ancestry]
   925 | D:2      | Reached XP level 3. HP: 20/27 MP: 4/4
  1161 | D:2      | Noticed Sigmund
  1255 | D:2      | Reached skill level 2 in Axes
  1453 | D:2      | Killed Sigmund
  1453 | D:2      | Reached skill level 4 in Axes
  1453 | D:2      | Reached XP level 4. HP: 33/33 MP: 5/5
  1453 | D:2      | Gained mutation: You are immune to rotting. [demonic ancestry]
  1453 | D:2      | Reached XP level 5. HP: 38/38 MP: 6/6
  2357 | D:3      | Reached skill level 1 in Armour
  2357 | D:3      | Gained mutation: You may emit foul miasma when damaged in melee. [demonic ancestry]
  2357 | D:3      | Reached XP level 6. HP: 19/44 MP: 3/7
  2386 | D:3      | Reached skill level 5 in Axes
  2827 | D:4      | Noticed gmonis's ghost (novice MiBe)
  2843 | D:4      | Killed gmonis's ghost
  2843 | D:4      | Reached skill level 6 in Axes
  2843 | D:4      | Reached skill level 2 in Armour
  2843 | D:4      | Reached XP level 7. HP: 42/49 MP: 8/8
  3006 | D:4      | Reached skill level 3 in Armour
  3308 | D:4      | Reached skill level 7 in Axes
  3313 | D:4      | Reached XP level 8. HP: 56/56 MP: 9/9
  3624 | D:5      | Entered Level 5 of the Dungeon
  3678 | D:5      | Found a shadowy altar of Dithmenos.
  3692 | D:4      | Found a shadowy altar of Dithmenos.
  3781 | D:5      | Reached skill level 4 in Armour
  3797 | D:5      | Found an ornate altar of the Wu Jian Council.
  3797 | D:5      | Found a deep blue altar of Sif Muna.
  4204 | D:6      | Reached skill level 8 in Axes
  4392 | D:6      | Found a glowing drain.
  4396 | Sewer    | Entered a sewer
  4946 | D:6      | Found a staircase to the Ecumenical Temple.
  4952 | Temple   | Entered the Ecumenical Temple
  5069 | Temple   | Became a worshipper of Gozag Ym Sagoz the Greedy
  5478 | D:6      | Reached skill level 5 in Armour
  6219 | D:7      | Reached skill level 9 in Axes
  6235 | D:7      | Gained mutation: You have sharp toenails. [demonic ancestry]
  6235 | D:7      | Reached XP level 9. HP: 61/61 MP: 0/10
  6248 | D:7      | Found Zatz's Book Shop.
  6264 | D:7      | Found Gyuseshri's Assorted Antiques.
  6270 | D:7      | Bought an emerald potion for 27 gold pieces
  6464 | D:7      | Found a sand-covered staircase.
  6478 | Ossuary  | Entered an ossuary
  6707 | Ossuary  | Reached skill level 6 in Armour
  6828 | Ossuary  | Reached skill level 10 in Axes
  7009 | D:7      | Found a glowing golden altar of the Shining One.
  7147 | D:7      | Found Gokhaang's Magic Scroll Emporium.
  7152 | D:7      | Bought a scroll of identify for 24 gold pieces
  7152 | D:7      | Bought a scroll of blinking for 90 gold pieces
  7152 | D:7      | Bought a scroll of identify for 24 gold pieces
  7152 | D:7      | Bought a scroll of identify for 24 gold pieces
  7152 | D:7      | Bought a scroll of summoning for 114 gold pieces
  7157 | D:7      | Found Modymoej's Antique Armour Shop.
  7163 | D:7      | Bought a pair of heavily runed gloves for 285 gold pieces
  7168 | D:7      | Identified the +1 pair of gloves of Intercession {rCorr} (You bought it in a shop on level 7 of the Dungeon)
  7190 | D:7      | Found Lutiram's Distillery.
  7366 | D:7      | Identified a scroll of acquirement
  7616 | D:8      | Found a staircase to the Lair.
  7819 | D:8      | Gained mutation: You have razor-sharp toenails. [demonic ancestry]
  7819 | D:8      | Reached XP level 10. HP: 43/67 MP: 7/11
  7975 | D:8      | Reached skill level 11 in Axes
  7975 | D:8      | Reached skill level 7 in Armour
  8104 | D:8      | Noticed a gargoyle
  8113 | D:8      | Killed a gargoyle
  8342 | Lair:1   | Entered Level 1 of the Lair of Beasts
  8360 | Lair:1   | Noticed a spiny frog
  8376 | D:8      | Killed a spiny frog
  8775 | Lair:1   | Reached skill level 12 in Axes
  8778 | Lair:1   | Reached skill level 8 in Armour
  8864 | Lair:1   | Noticed a spiny frog
  8868 | Lair:1   | Killed a spiny frog
  9339 | Lair:2   | Noticed a six-headed hydra
  9501 | Lair:1   | Gained mutation: You have claws for feet. [demonic ancestry]
  9501 | Lair:1   | Reached XP level 11. HP: 48/72 MP: 7/12
 10222 | Lair:1   | Reached skill level 13 in Axes
 10368 | Lair:2   | Reached skill level 9 in Armour
 10476 | Lair:1   | HP: 21/72 [something (6)]
 10482 | Lair:1   | HP: 19/72 [six-headed hydra (3)]
 10483 | Lair:1   | Killed a six-headed hydra
 11092 | Lair:2   | Reached skill level 2 in Fighting
 11391 | Lair:2   | Reached skill level 3 in Fighting
 11410 | Lair:2   | Found a snail-covered altar of Cheibriados.
 11474 | Lair:2   | Reached skill level 4 in Fighting
 11634 | Lair:2   | Reached skill level 10 in Armour
 11634 | Lair:2   | Reached XP level 12. HP: 74/83 MP: 11/13
 11786 | Lair:2   | Reached skill level 14 in Axes
 12113 | Lair:3   | Reached skill level 5 in Fighting
 12708 | Lair:3   | Reached skill level 3 in Evocations
 12817 | Lair:3   | Found a staircase to the Shoals.
 12969 | Lair:3   | Reached skill level 6 in Fighting
 13003 | Lair:4   | Noticed a five-headed hydra
 13019 | Lair:4   | Killed a five-headed hydra
 13236 | Lair:4   | Reached skill level 4 in Evocations
 13270 | Lair:4   | Noticed Eptagon's ghost (journeyman MiFi)
 13292 | Lair:4   | HP: 26/89 [Eptagon's ghost (16)]
 13301 | Lair:4   | Killed Eptagon's ghost
 13497 | Lair:4   | Noticed Rupert
 13506 | Lair:4   | Paralysed by Rupert for 7 turns
 13514 | Lair:4   | Killed Rupert
 13514 | Lair:4   | Reached skill level 7 in Fighting
 13514 | Lair:4   | Reached skill level 11 in Armour
 13514 | Lair:4   | Reached skill level 5 in Evocations
 13662 | Lair:4   | Found a staircase to the Snake Pit.
 13938 | Lair:4   | Reached XP level 13. HP: 95/96 MP: 17/17
 14560 | D:7      | Bought a manual of Armour for 1435 gold pieces
 14736 | Lair:5   | Found a labyrinth entrance.
 14745 | Lab      | Entered a labyrinth
 14952 | Lab      | Noticed a minotaur
 14966 | Lab      | Killed a minotaur
 14966 | Lab      | Reached skill level 6 in Evocations
 14978 | Lab      | Got a crude leather armour
 14978 | Lab      | Got a transparent chain mail
 14991 | Lab      | Identified the +5 chain mail of Inviolability {rElec MR+} (You found it in a labyrinth)
 15143 | Lair:5   | Reached skill level 8 in Fighting
 15395 | Lair:5   | Reached skill level 12 in Armour
 15808 | Lair:5   | Found a runed door.
 15965 | Lair:5   | Found a staircase to the Slime Pits.
 16198 | Lair:5   | Reached skill level 7 in Evocations
 16344 | Lair:5   | Noticed a dire elephant
 16418 | Lair:5   | Killed a dire elephant
 16706 | Lair:5   | HP: 27/99 [catoblepas (10)]
 17033 | Lair:5   | Identified the cursed +1 longbow of Charity {venom, *Slow Int+6} (You found it on level 5 of the Lair of Beasts)
 17100 | Lair:6   | Entered Level 6 of the Lair of Beasts
 17144 | Lair:5   | Reached skill level 9 in Fighting
 17346 | Lair:6   | Noticed Snorg
 17360 | Lair:6   | Killed Snorg
 17550 | Lair:6   | Reached skill level 13 in Armour
 17637 | Lair:5   | Reached skill level 8 in Evocations
 17813 | Lair:6   | Reached skill level 1 in Throwing
 17939 | Lair:5   | HP: 23/101 [spiny frog (9)]
 17944 | Lair:5   | HP: 18/101 [poisoned by a spiny frog]
 17949 | Lair:5   | HP: 14/101 [poisoned by a spiny frog]
 17954 | Lair:5   | HP: 12/101 [poisoned by a spiny frog]
 17960 | Lair:5   | HP: 10/101 [poisoned by a spiny frog]
 17966 | Lair:5   | HP: 10/101 [poisoned by a spiny frog]
 17974 | Lair:5   | HP: 10/101 [poisoned by a spiny frog]
 18707 | Lair:6   | Reached skill level 2 in Throwing
 18871 | Lair:6   | Gained mutation: You are mostly covered in yellow scales. (AC +3) [demonic ancestry]
 18871 | Lair:6   | Reached XP level 14. HP: 87/109 MP: 17/20
 18923 | Lair:6   | Reached skill level 10 in Fighting
 18953 | Lair:6   | Reached skill level 3 in Throwing
 19521 | Lair:6   | Reached skill level 14 in Armour
 20014 | D:9      | Reached skill level 4 in Throwing
 20191 | D:9      | Found Hegoik's General Store.
 20197 | D:9      | Bought a potion of resistance for 150 gold pieces
 20197 | D:9      | Bought a potion of heal wounds for 75 gold pieces
 20310 | D:9      | Found a burning altar of Makhleb.
 20492 | D:9      | Found a white marble altar of Elyvilon.
 20516 | D:9      | Found an ancient bone altar of Kikubaaqudgha.
 20632 | D:10     | Entered Level 10 of the Dungeon
 21214 | D:11     | Found Begar's Food Shoppe.
 21333 | D:11     | Reached skill level 5 in Throwing
 21347 | D:11     | Found a flagged portal.
 21382 | Bailey   | Entered a bailey
 21823 | Bailey   | Found the +8 orange crystal plate armour {Archmagi, Int+3 Clar}
 21828 | Bailey   | --wow!
 21878 | Bailey   | Reached skill level 11 in Fighting
 21982 | D:11     | Found a runed door.
 21982 | D:11     | Found a runed door.
 21983 | D:11     | Found the +2 shield of Resistance {rF+ rC+ MR+}
 22309 | D:11     | Found a roughly hewn altar of Beogh.
 22311 | D:11     | Found a staircase to the Orcish Mines.
 22495 | Lair:1   | Upgraded the game from 0.22-a0-469-gf26638a to 0.22-a0-479-gc6e99f3
 22544 | Orc:1    | Entered Level 1 of the Orcish Mines
 22544 | Orc:1    | Found Bydgheati's Armour Shop.
 22569 | Orc:1    | Reached skill level 15 in Armour
 22797 | Orc:2    | Entered Level 2 of the Orcish Mines
 23001 | Orc:1    | Noticed Maurice
 23020 | Orc:1    | Killed Maurice
 23057 | Orc:1    | Reached skill level 6 in Throwing
 23218 | Orc:2    | Found a staircase to the Elven Halls.
 23219 | Orc:2    | Found Recva's Armour Shop.
 23382 | Orc:2    | Found Luxkiaro's Assorted Antiques.
 23542 | Orc:2    | Reached XP level 15. HP: 83/120 MP: 19/21
 23816 | Orc:2    | Reached skill level 7 in Throwing
 23931 | Orc:2    | Reached skill level 12 in Fighting
 23955 | Orc:2    | Found Vuesm's Armour Emporium.
 23961 | Orc:2    | Found Nieloib's Antique Weapon Boutique.
 23972 | Orc:2    | Found Sougum's Distillery.
 23982 | Orc:2    | Bought a potion of heal wounds for 60 gold pieces
 23982 | Orc:2    | Bought 2 potions of curing for 72 gold pieces
 24401 | D:12     | Found Deaqyiq's Weapon Boutique.
 24419 | D:12     | Found Lazanun's Armour Emporium.
 24760 | D:12     | Found Jeep's Armour Shoppe.
 24876 | D:12     | Found Oneocap's Weapon Shop.
 24890 | D:12     | Noticed Harold
 24903 | D:12     | Killed Harold
 24990 | D:12     | Found Uneov's Weapon Boutique.
 25219 | D:12     | Bought a +5 battleaxe of venom for 452 gold pieces
 25282 | D:13     | Noticed Urug
 25289 | D:13     | Killed Urug
 25642 | D:13     | Reached skill level 16 in Armour
 25645 | D:13     | Reached skill level 8 in Throwing
 26112 | D:13     | Found a gate to the Vaults.
 26440 | D:14     | Reached skill level 13 in Fighting
 27037 | Orc:2    | Bought a scroll labeled MUMOIC MIUCUPN for 29 gold pieces
 27037 | Orc:2    | Bought a lumpy steel amulet for 145 gold pieces
 27264 | D:15     | Entered Level 15 of the Dungeon
 27546 | D:15     | Noticed Azrael
 27552 | D:15     | Killed Azrael
 27556 | D:15     | HP: 34/124 [fire elemental[Azrael] (13)]
 28004 | D:15     | Gained mutation: You are completely covered in yellow scales. (AC +4, rCorr) [demonic ancestry]
 28004 | D:15     | Reached XP level 16. HP: 99/132 MP: 19/22
 28240 | D:15     | Reached skill level 15 in Axes
 28566 | D:15     | Reached skill level 14 in Fighting
 28589 | D:15     | Found a glowing silver altar of Zin.
 28799 | D:15     | Found a staircase to the Depths.
 29120 | Snake:1  | Entered Level 1 of the Snake Pit
 29120 | Snake:1  | Found Uneak's Gadget Boutique.
 29220 | Snake:1  | Upgraded the game from 0.22-a0-479-gc6e99f3 to 0.22-a0-480-g991dd4b
 29688 | Snake:1  | Noticed Josephine
 29698 | Snake:1  | Killed Josephine
 29899 | Snake:1  | Reached skill level 16 in Axes
 30100 | Snake:1  | Noticed Frances
 30112 | Snake:1  | Killed Frances
 31286 | Snake:2  | HP: 39/133 [poisoned by a naga mage (bolt of poison)]
 31291 | Snake:2  | HP: 35/133 [poisoned by a naga mage (bolt of poison)]
 31296 | Snake:2  | HP: 32/133 [poisoned by a naga mage (bolt of poison)]
 31301 | Snake:2  | HP: 31/133 [poisoned by a naga mage (bolt of poison)]
 31306 | Snake:2  | HP: 31/133 [poisoned by a naga mage (bolt of poison)]
 31313 | Snake:2  | HP: 31/133 [poisoned by a naga mage (bolt of poison)]
 31321 | Snake:2  | HP: 31/133 [poisoned by a naga mage (bolt of poison)]
 32002 | Snake:2  | Reached skill level 17 in Axes
 32797 | Snake:3  | Gained mutation: Your flesh is heat resistant. (rF+) [demonic ancestry]
 32797 | Snake:3  | Reached XP level 17. HP: 94/139 MP: 19/23
 33265 | Snake:4  | Entered Level 4 of the Snake Pit
 33844 | Snake:4  | Reached skill level 18 in Axes
 34778 | Snake:4  | Noticed Aizul
 34793 | Snake:4  | Killed Aizul
 35142 | Snake:3  | HP: 41/139 [poisoned by a naga ritualist (toxic radiance)]
 35147 | Snake:3  | HP: 40/139 [poisoned by a naga ritualist (toxic radiance)]
 35154 | Snake:3  | HP: 39/139 [poisoned by a naga ritualist (toxic radiance)]
 35161 | Snake:3  | HP: 40/139 [poisoned by a naga ritualist (toxic radiance)]
 35169 | Snake:3  | HP: 40/139 [poisoned by a naga ritualist (toxic radiance)]
 36876 | Snake:4  | Identified A Beginning Course on Wizardry
 37067 | Snake:4  | Reached skill level 19 in Axes
 37596 | Snake:4  | Got a serpentine rune of Zot
 37850 | D:7      | Bought a potion of flight for 36 gold pieces
 37850 | D:7      | Bought a potion of haste for 120 gold pieces
 37850 | D:7      | Bought a potion of heal wounds for 60 gold pieces
 37990 | Orc:2    | Bought a potion of flight for 36 gold pieces
 38152 | Shoals:1 | Entered Level 1 of the Shoals
 40133 | Shoals:3 | Reached XP level 18. HP: 146/146 MP: 24/24
 40258 | Shoals:3 | Reached skill level 20 in Axes
 40978 | Shoals:4 | Entered Level 4 of the Shoals
 40978 | Shoals:4 | Found Voreupha's Distillery.
 40978 | Shoals:4 | Found Tauves's Antique Armour Shoppe.
 40978 | Shoals:4 | Found the +0 sword of Power
 41209 | Shoals:4 | Bought a potion of heal wounds for 90 gold pieces
 41219 | Shoals:4 | Bought a pair of embroidered gloves for 262 gold pieces
 41706 | Shoals:4 | Noticed Ilsuiw
 41731 | Shoals:4 | HP: 43/147 [sea snake (6)]
 41732 | Shoals:4 | Killed from afar by Ilsuiw

Vault maps used:
D:1:      dpeg_arrival_simpleton_c
D:2:      st_stairs_7, grunt_ministairs_15, uniq_sigmund
D:4:      lemuel_upstairs_altar, first_ration
D:5:      gammafunk_temple_overflow_statue, grunt_dithmenos_smoke
D:6:      minmay_temple_entry_enclosed_plants, gup_sewer_entry_bowl
D:7:      nicolae_tso_swordbearing_angel, serial_shops, kennysheep_little_box,
          kennysheep_mini_moat, shop, nicolae_shop_statue_plus,
          nicolae_shop_statue_plus, nicolae_ossuary_entry_ruins,
          eino_small_chamber_without_monster, the_bakery, lemuel_flamethrower_1
D:8:      lair_entry_dummy, serial_bayou, serial_bayou_crossing,
          serial_bayou_ford_a, serial_bayou_shore_b, serial_bayou_pond_a,
          serial_bayou_pond_d
D:9:      kiku_gazebo_garden_becter, elyvilon_altar_4, serial_shops,
          nicolae_shop_temple_entry_statues_fountains,
          makhleb_blood_cavern_becter
D:11:     david_orc_5, serial_shops, shop_statue, enter_bailey_7,
          minmay_guarded_unrand_resistance
D:12:     serial_shops, nicolae_shop_window_shopping, shop_fountains,
          nicolae_shop_statue_plus, shop_fountains, nicolae_shop_stone,
          kennysheep_generic_room_8, uniq_harold
D:13:     david_vaults_1, uniq_urug
D:14:     minmay_misc_feat_plants
D:15:     grunt_enter_depths_hoard, zin_angel, uniq_azrael
Temple:   eino_temple_rhombus
Lair:1:   lemuel_fruit_fields, grunt_megastairs_3
Lair:2:   hangedman_what_comes_after_a, kennysheep_snail_temple,
          infiniplex_staircase_pool
Lair:3:   shoals_dummy_entry, beast_lair_carwin_8
Lair:4:   guppyfry_snake_entry_garden, uniq_rupert
Lair:5:   gammafunk_lair_enchanted_lake, minmay_slime_entry_pillars,
          lab_entry_generic, infiniplex_staircase_pool_2
Lair:6:   hangedman_lair_tendril_chambers, uniq_snorg
Shoals:4: shoals_end_grunt_garden, shoals_ilsuiw_ice, serial_shops,
          nicolae_shop_crystal, shop_statue, hangedman_shoals_cup_caves
Snake:1:  serial_shops, shop_fountains, serial_bayou_shore_b,
          serial_bayou_shore_b, uniq_frances, uniq_josephine
Snake:2:  hangedman_cross_veins
Snake:3:  serial_bayou_pond_a
Snake:4:  snake_pit, grunt_ministairs_9, spider_trap, grunt_megastairs_4,
          uniq_aizul
Orc:1:    serial_shops, shop_fountains, uniq_maurice
Orc:2:    st_orc_open, serial_shops, shop, mines2_lemuel
Lab:      labyrinth_spiral, labyrinth_skeletal_remains, nicolae_lab_swirl,
          nicolae_lab_very_dead_end, nicolae_lab_diamond, nicolae_lab_plus,
          labyrinth_baited_teleportation_trap, nicolae_lab_hexagon,
          labyrinth_lava_lair, nicolae_lab_grate_2, labyrinth_fake_exit,
          nicolae_lab_t_cross
Sewer:    sewer_sea
Ossuary:  ossuary_zaba_flooded
Bailey:   bailey_polearm_1, bailey

Skill      XL: |  1  2  3  4  5  6  7  8  9 10 11 12 13 14 15 16 17 18 |
---------------+-------------------------------------------------------+-----
Axes           | 1 4 6 7 9 10 12 13 14 17 19 20 | 20.0
Armour         | 1 2 3 5 6 8 10 11 13 15 16 | 16.2
Fighting       | 4 7 9 11 13 14 | 14.4
Evocations     | 5 8 |  8.0
Throwing       | 2 6 8 |  8.0
Short Blades   | |  0.8
Dodging        | |  1.0
Stealth        | |  1.0
Spellcasting   | |  1.0
Conjurations   | |  1.0
Charms         | |  2.6

Action                   |  1- 3 |  4- 6 |  7- 9 | 10-12 | 13-15 | 16-18 || total
-------------------------+-------+-------+-------+-------+-------+-------++-------
Melee: Dagger            |     9 |       |       |       |       |       ||     9
       Hand axe          |    45 |    93 |   493 |   563 |  1066 |       ||  2260
       Kick              |       |       |    75 |   162 |   429 |   247 ||   913
       Mace              |       |       |       |     5 |       |       ||     5
       Flail             |       |       |       |       |    21 |       ||    21
       War axe           |       |       |       |       |   176 |       ||   176
       Battleaxe         |       |       |       |       |    69 |   714 ||   783
Throw: Stone             |       |     3 |     7 |       |       |       ||    10
       Tomahawk          |       |       |     2 |    16 |    71 |       ||    89
       Javelin           |       |       |       |     5 |    11 |    33 ||    49
       Throwing net      |       |       |       |     1 |     1 |       ||     2
Evoke: Wand              |       |     1 |     1 |    11 |    16 |     7 ||    36
  Use: Scroll            |     4 |     8 |    13 |     3 |    11 |     2 ||    41
       Potion            |     1 |       |     2 |     4 |     3 |     1 ||    11
 Stab: Sleeping          |     7 |       |       |       |       |       ||     7
       Distracted        |       |       |       |     6 |     9 |     6 ||    21
       Paralysed         |       |       |       |       |     5 |       ||     5
       Held in net/web   |       |       |       |       |     1 |       ||     1
  Eat: Chunk             |     2 |     4 |     7 |       |       |       ||    13
       Ration            |       |       |     3 |     6 |    15 |    13 ||    37
Armor: Robe              |    12 |       |       |       |       |       ||    12
       Ring mail         |       |    32 |    35 |       |       |       ||    67
       Plate armour      |       |       |   152 |   346 |    15 |       ||   513
       Chain mail        |       |       |       |       |   324 |       ||   324
       Crystal plate arm |       |       |       |       |   425 |   763 ||  1188
Dodge: Dodged            |    24 |    46 |   145 |   175 |   326 |   166 ||   882

Table legend:
 A = Spawn XP
 B = Non-spawn XP
 C = Spawn XP percentage of total XP
 D = Spawn monster count
 E = Non-spawn monster count
 F = Spawn count percentage of total count
 G = Total turns spent on level
                    A         B        C        D         E        F      G
               +---------+---------+-------+---------+---------+-------+---------
         Total |       0 |  312619 |   0.0 |       0 |    1169 |   0.0 | 41732
               +---------+---------+-------+---------+---------+-------+---------
           D:1 |       0 |      27 |   0.0 |       0 |      17 |   0.0 |   943
           D:2 |       0 |     262 |   0.0 |       0 |      23 |   0.0 |   857
           D:3 |       0 |     173 |   0.0 |       0 |      27 |   0.0 |   995
           D:4 |       0 |    1028 |   0.0 |       0 |      13 |   0.0 |   851
           D:5 |       0 |     440 |   0.0 |       0 |      10 |   0.0 |   529
           D:6 |       0 |     569 |   0.0 |       0 |      18 |   0.0 |  1401
           D:7 |       0 |    1116 |   0.0 |       0 |      17 |   0.0 |   893
           D:8 |       0 |    2586 |   0.0 |       0 |      32 |   0.0 |  1364
           D:9 |       0 |    4617 |   0.0 |       0 |      43 |   0.0 |   850
          D:10 |       0 |    3567 |   0.0 |       0 |      33 |   0.0 |   611
          D:11 |       0 |    6553 |   0.0 |       0 |      66 |   0.0 |   994
          D:12 |       0 |    7024 |   0.0 |       0 |      29 |   0.0 |  1110
          D:13 |       0 |   11527 |   0.0 |       0 |      62 |   0.0 |   898
          D:14 |       0 |    8754 |   0.0 |       0 |      34 |   0.0 |   705
          D:15 |       0 |   28212 |   0.0 |       0 |      66 |   0.0 |  1640
        Lair:1 |       0 |    7689 |   0.0 |       0 |      45 |   0.0 |  2415
        Lair:2 |       0 |    8964 |   0.0 |       0 |      53 |   0.0 |  1528
        Lair:3 |       0 |    5250 |   0.0 |       0 |      23 |   0.0 |   945
        Lair:4 |       0 |    9538 |   0.0 |       0 |      21 |   0.0 |  1912
        Lair:5 |       0 |   12773 |   0.0 |       0 |      40 |   0.0 |  2746
        Lair:6 |       0 |   19967 |   0.0 |       0 |      54 |   0.0 |  1989
      Shoals:1 |       0 |    9043 |   0.0 |       0 |      18 |   0.0 |   934
      Shoals:2 |       0 |    8465 |   0.0 |       0 |      18 |   0.0 |   974
      Shoals:3 |       0 |   21984 |   0.0 |       0 |      41 |   0.0 |  1172
      Shoals:4 |       0 |    9054 |   0.0 |       0 |      17 |   0.0 |   358
       Snake:1 |       0 |   18199 |   0.0 |       0 |      34 |   0.0 |   904
       Snake:2 |       0 |   23204 |   0.0 |       0 |      37 |   0.0 |  2022
       Snake:3 |       0 |    8428 |   0.0 |       0 |      16 |   0.0 |  1550
       Snake:4 |       0 |   47617 |   0.0 |       0 |      70 |   0.0 |  3716
         Orc:1 |       0 |    2441 |   0.0 |       0 |      24 |   0.0 |   463
         Orc:2 |       0 |   18763 |   0.0 |       0 |      66 |   0.0 |  1449
           Lab |       0 |    2019 |   0.0 |       0 |       5 |   0.0 |   378
         Sewer |       0 |     151 |   0.0 |       0 |      45 |   0.0 |   519
       Ossuary |       0 |     816 |   0.0 |       0 |      33 |   0.0 |   476
        Bailey |       0 |    1799 |   0.0 |       0 |      19 |   0.0 |   517
               +---------+---------+-------+---------+---------+-------+---------

Table legend:
 A = Turns spent in this place as a percentage of turns spent in the entire game.
 B = Non-inter-level travel turns spent in this place as a percentage of non-inter-level travel turns spent in the entire game.
 C = Inter-level travel turns spent in this place as a percentage of turns spent in this place.
 D = Turns resting spent in this place as a percentage of non-inter-level travel turns spent in this place.
 E = Turns spent auto-exploring this place as a percentage of non-inter-level travel turns spent in this place.
 F = Non-inter-level travel turns spent in this place divided by the number of levels of this place that you've seen.
                   A       B       C       D       E      F
               +-------+-------+-------+-------+-------+----------------------
         Total | 100.0 | 100.0 |   6.7 |  31.2 |  30.4 | 1081.6
       Dungeon |  35.1 |  34.6 |   7.9 |  16.6 |  45.4 | 899.0
        Temple |   0.3 |   0.3 |   4.0 |   0.0 |  92.4 | 119.0
          Lair |  27.6 |  27.1 |   8.7 |  40.0 |  24.7 | 1755.5
        Shoals |   8.2 |   8.5 |   3.9 |  31.2 |  35.0 | 826.0
     Snake Pit |  19.6 |  20.5 |   2.4 |  52.6 |  17.0 | 1998.8
  Orcish Mines |   4.6 |   4.1 |  15.7 |  16.6 |  23.0 | 805.5
     Labyrinth |   0.9 |   1.0 |   0.0 |  31.0 |   0.0 | 378.0
         Sewer |   1.2 |   1.3 |   0.0 |   0.0 |  11.6 | 519.0
       Ossuary |   1.1 |   1.2 |   0.0 |   6.9 |   9.9 | 476.0
        Bailey |   1.2 |   1.3 |   0.0 |  11.8 |   0.0 | 517.0
               +-------+-------+-------+-------+-------+----------------------

Vault maps used:
D:1:      dpeg_arrival_simpleton_c
D:2:      st_stairs_7, grunt_ministairs_15, uniq_sigmund
D:4:      lemuel_upstairs_altar, first_ration
D:5:      gammafunk_temple_overflow_statue, grunt_dithmenos_smoke
D:6:      minmay_temple_entry_enclosed_plants, gup_sewer_entry_bowl
D:7:      nicolae_tso_swordbearing_angel, serial_shops, kennysheep_little_box,
          kennysheep_mini_moat, shop, nicolae_shop_statue_plus,
          nicolae_shop_statue_plus, nicolae_ossuary_entry_ruins,
          eino_small_chamber_without_monster, the_bakery, lemuel_flamethrower_1
D:8:      lair_entry_dummy, serial_bayou, serial_bayou_crossing,
          serial_bayou_ford_a, serial_bayou_shore_b, serial_bayou_pond_a,
          serial_bayou_pond_d
D:9:      kiku_gazebo_garden_becter, elyvilon_altar_4, serial_shops,
          nicolae_shop_temple_entry_statues_fountains,
          makhleb_blood_cavern_becter
D:11:     david_orc_5, serial_shops, shop_statue, enter_bailey_7,
          minmay_guarded_unrand_resistance
D:12:     serial_shops, nicolae_shop_window_shopping, shop_fountains,
          nicolae_shop_statue_plus, shop_fountains, nicolae_shop_stone,
          kennysheep_generic_room_8, uniq_harold
D:13:     david_vaults_1, uniq_urug
D:14:     minmay_misc_feat_plants
D:15:     grunt_enter_depths_hoard, zin_angel, uniq_azrael
Temple:   eino_temple_rhombus
Lair:1:   lemuel_fruit_fields, grunt_megastairs_3
Lair:2:   hangedman_what_comes_after_a, kennysheep_snail_temple,
          infiniplex_staircase_pool
Lair:3:   shoals_dummy_entry, beast_lair_carwin_8
Lair:4:   guppyfry_snake_entry_garden, uniq_rupert
Lair:5:   gammafunk_lair_enchanted_lake, minmay_slime_entry_pillars,
          lab_entry_generic, infiniplex_staircase_pool_2
Lair:6:   hangedman_lair_tendril_chambers, uniq_snorg
Shoals:4: shoals_end_grunt_garden, shoals_ilsuiw_ice, serial_shops,
          nicolae_shop_crystal, shop_statue, hangedman_shoals_cup_caves
Snake:1:  serial_shops, shop_fountains, serial_bayou_shore_b,
          serial_bayou_shore_b, uniq_frances, uniq_josephine
Snake:2:  hangedman_cross_veins
Snake:3:  serial_bayou_pond_a
Snake:4:  snake_pit, grunt_ministairs_9, spider_trap, grunt_megastairs_4,
          uniq_aizul
Orc:1:    serial_shops, shop_fountains, uniq_maurice
Orc:2:    st_orc_open, serial_shops, shop, mines2_lemuel
Lab:      labyrinth_spiral, labyrinth_skeletal_remains, nicolae_lab_swirl,
          nicolae_lab_very_dead_end, nicolae_lab_diamond, nicolae_lab_plus,
          labyrinth_baited_teleportation_trap, nicolae_lab_hexagon,
          labyrinth_lava_lair, nicolae_lab_grate_2, labyrinth_fake_exit,
          nicolae_lab_t_cross
Sewer:    sewer_sea
Ossuary:  ossuary_zaba_flooded
Bailey:   bailey_polearm_1, bailey
